 Dungeon Crawl Stone Soup version 0.26-a0-642-g67e99244d3 (webtiles) character file.

Game seed: 15551171056943887992

61266 DogServant the Basher (level 15, -10/217 HPs)
             Began as a Gargoyle Fighter on Sept 22, 2020.
             Was a High Priest of Okawaru.
             Killed from afar by a raiju (17 damage)
             ... with a living lightning
             ... on level 2 of the Abyss on Sept 23, 2020.
             The game lasted 00:59:42 (22056 turns).

DogServant the Basher (Gargoyle Fighter)           Turns: 22056, Time: 00:59:44

Health: -10/217    AC: 30    Str: 22    XL:     15   Next: 2%
Magic:  22/22      EV:  2    Int: 10    God:    Okawaru [*****.]
Gold:   1018       SH:  0    Dex: 10    Spells: 7/14 levels left

rFire    . . .     SeeInvis .   p - +3 morningstar (freeze)
rCold    . . .     Faith    .   y - +0 kite shield {AC+3}
rNeg     + + +     Spirit   .   (armour currently unavailable)
rPois    ∞         Reflect  +   (helmet currently unavailable)
rElec    .         Harm     .   (cloak currently unavailable)
rCorr    .         Rampage  .   (gloves currently unavailable)
MR       ++...     NoTele   +   (boots currently unavailable)
Stlth    ..........             n - amulet of reflection
HPRegen  0.46/turn              d - ring of protection from magic
MPRegen  0.18/turn              g - +4 ring of slaying

@: confused, berserking, tree-form, very slightly contaminated, invisible, very
quick
A: negative energy resistance 1, weak 1, petrification resistance, rot immunity,
AC +11
a: Heroism, Finesse, Renounce Religion


You were on level 2 of the Abyss.
You worshipped Okawaru.
Okawaru was extremely pleased with you.
You were a tree.
You visited 4 branches of the dungeon, and saw 21 of its levels.
You visited the Abyss 1 time.

You collected 1744 gold pieces.
You spent 726 gold pieces at shops.

Inventory:

Hand Weapons
 i - a +2 great mace of protection
 p - a +3 morningstar of freezing (weapon)
 t - a +5 flail of protection
Missiles
 e - 29 poisoned darts
 N - 7 atropa-tipped darts (quivered)
Armour
 c - +2 pearl dragon scales (melded)
 s - a +0 cloak of magic resistance (melded)
 y - a +0 kite shield of protection (worn)
 z - a +2 pair of gloves (melded)
 I - a +2 hat (melded)
 M - a +1 pair of boots of rampaging (melded)
Jewellery
 d - a ring of protection from magic (left branch)
 g - a +4 ring of slaying (right branch)
 n - an amulet of reflection (around neck)
 w - a +4 ring of protection
 P - an uncursed amulet of the acrobat
 Q - an uncursed ring of resist corrosion
Wands
 u - a wand of digging (4)
 x - a wand of random effects (11)
 G - a wand of disintegration (14)
Scrolls
 a - 5 scrolls of identify
 f - 11 scrolls of remove curse
 j - 2 scrolls of fog
 m - 8 scrolls of teleportation
 D - 2 scrolls of enchant weapon
 H - 3 scrolls of amnesia
Potions
 h - 2 potions of magic
 k - a potion of flight
 o - 3 potions of cancellation
 v - a potion of might
 B - 2 potions of resistance
 E - a potion of lignification
 F - 2 potions of stabbing
 J - a potion of curing
 L - a potion of brilliance
Miscellaneous
 b - a phial of floods (inert)


   Skills:
 + Level 12.9 Fighting
 + Level 13.0 Maces & Flails
 - Level 12.8 Armour
 + Level 11.3 Shields
 + Level 4.0 Ice Magic
 + Level 10.5 Invocations
 + Level 5.8 Evocations


You had 7 spell levels left.
You knew the following spells:

 Your Spells              Type           Power        Failure   Level
a - Animate Skeleton      Necr           #.....       52%         1
b - Frozen Ramparts       Ice            #.....       34%         3
c - Ozocubu's Armour      Ice            #.......     34%         3

Your spell library contained the following spells:

 Spells                   Type           Power        Failure   Level
 Freeze                   Ice            #...         12%         1
 Ensorcelled Hibernation  Hex/Ice        #.....       36%         2
 Apportation              Tloc           #.....       52%         1
 Corona                   Hex            #......      52%         1
 Pain                     Necr           #...         52%         1
 Sandblast                Erth           #.....       52%         1
 Summon Small Mammal      Summ           #...         52%         1
 Passwall                 Tmut/Erth      #.......     65%         2
 Confusing Touch          Hex            #.......     87%         3
 Dazzling Flash           Conj/Hex       #.....       87%         3
 Gell's Gravitas          Tloc           #.........   87%         3
 Stone Arrow              Conj/Erth      #.....       87%         3
 Tukima's Dance           Hex            #.......     87%         3
 Vampiric Draining        Necr           #.........   87%         3
 Hailstorm                Conj/Ice       #.......     95%         4
 Summon Ice Beast         Ice/Summ       #.......     95%         4
 Animate Dead             Necr           #.........   99%         4
 Petrify                  Tmut/Erth      #.......     99%         4
 Agony                    Necr           #.......     100%        5
 Lee's Rapid Deconstruct  Erth           #.........   100%        5
 Metabolic Englaciation   Hex/Ice        #.........   100%        5
 Summon Demon             Summ           #.........   100%        5
 Summon Forest            Summ/Tloc      #.........   100%        5
 Summon Mana Viper        Hex/Summ       #.......     100%        5
 Yara's Violent Unravell  Hex/Tmut       #.........   100%        5
 Shadow Creatures         Summ           N/A          100%        6
 Summon Hydra             Summ           #.........   100%        7


Dungeon Overview and Level Annotations

Branches:
Dungeon (12/15)            Temple (1/1) D:4            Lair (6/6) D:9
  Swamp (0/4) Lair:2       Spider (0/4) Lair:3        Slime (0/5) Lair:6
    Orc (2/2) D:12            Elf (0/3) Orc:2

Altars:
Ashenzari
Cheibriados
Dithmenos
Elyvilon
Fedhas
Gozag
Hepliaklqana
Kikubaaqudgha
Makhleb
Nemelex Xobeh
Okawaru
Qazlal
Ru
Sif Muna
Trog
Uskayaw
Vehumet
Wu Jian
Xom
Yredelemnul
Zin
The Shining One

Shops:
D:6 *   D:10 }   Orc:1 :

Annotations:
D:3 3 runed translucent doors, fly's ghost, amateur TeAE
D:6 1 runed translucent door, Conn's ghost, novice OpWz
D:7 2 transporters, Grum; Migumi's ghost, novice TrFi
Orc:2 Nergalle


Innate Abilities, Weirdness & Mutations

You are resistant to torment.
((Your stone body is resilient. (AC +11)))
You are immune to poison.
((Your large and strong wings let you fly indefinitely.))
You resist negative energy. (rN+)
((You are resistant to electric shocks. (rElec)))
((You can survive without breathing.))
You are immune to petrification.
You are immune to rotting.
You are weak. (Str -2)


Message History

The thrashing horror tramples you but does no damage.
The thrashing horror completely misses you.
The thrashing horror tramples you but does no damage. x2
You are too berserk!
You are too berserk!
You are too berserk!
You are too berserk!
You cannot move. (Use ctrl+direction or * direction to attack without moving.)
You cannot move. (Use ctrl+direction or * direction to attack without moving.)
There are monsters nearby!
Unknown command.
There are monsters nearby!
Unknown command.
You bludgeon the thrashing horror!! You freeze the thrashing horror.
The thrashing horror is severely damaged.
The thrashing horror tramples you but does no damage.
The thrashing horror barely misses you.
The raiju bursts into living lightning!
The living lightning hits you!
You die...

.... #... .....
....####
.....### ...
#.....## ##...
#.32hZ.## ....
#.♣XX.#......
###Xx.#.....
... ###........
# .. #... ....
.# . . #
#..........#
.!......###X...
.....# .......
##....... ...#
. .....xX......
. ... . .....X.
. ......


You could see a green death, 3 thrashing horrors, a smoke demon, a raiju, a
small abomination (wandering) and a wolf spider zombie (wandering).

Vanquished Creatures
  2 tentacled starspawn (Abyss:2)
  Kirke (Lair:6)
  A catoblepas (Lair:6)
  7 hydras
  4 death yaks
  A tengu warrior (D:12)
  3 two-headed ogres
  Urug (Orc:2)
  3 orc knights
  An ugly thing (D:12)
  3 orc sorcerers
  A cyclops (Orc:1)
  A worldbinder (Abyss:2)
  10 elephants
  2 manticores (Lair:6)
  5 black mambas
  3 torpor snails
  11 cane toads
  4 komodo dragons
  2 rime drakes
  A polar bear (Lair:2)
  6 trolls
  A tyrant leech (Lair:2)
  Grinder (D:4)
  6 hippogriffs
  12 blink frogs
  16 dream sheep (Lair:6)
  4 raiju (Abyss:2)
  2 wraiths (D:11)
  2 hogs
  49 yaks
  2 wyverns (D:11)
  2 basilisks
  A neqoxec (Abyss:2)
  3 vampire mosquitoes (D:12)
  A steam dragon (D:12)
  Edmund (D:5)
  A swamp worm (Lair:2)
  An acid dragon (D:11)
  A warg (Orc:1)
  8 porcupines
  23 orc warriors
  10 water moccasins
  A black bear (Lair:1)
  3 ice beasts
  2 sky beasts
  11 ogres
  3 phantoms
  2 necrophages
  15 wolves
  12 crocodiles
  6 centaurs
  2 big kobolds
  A small abomination (Abyss:2)
  13 bullfrogs
  4 scorpions
  3 killer bees (D:7)
  A howler monkey (D:8)
  11 wights
  An electric eel (D:9)
  2 centaur zombies
  2 bullfrog zombies
  A quasit (D:10)
  A bullfrog skeleton (D:7)
  An iron imp (Abyss:2)
  17 orc wizards
  7 hounds
  2 iguanas
  20 orc priests
  2 centaur skeletons (D:10)
  3 worker ants
  A killer bee zombie (D:6)
  A hound zombie (D:9)
  2 worker ant zombies
  A howler monkey zombie (D:6)
  12 adders
  A howler monkey skeleton (D:9)
  A shadow imp (D:5)
  6 white imps
  An ufetubus (D:10)
  2 oozes
  2 adder skeletons
  2 worms
  3 dart slugs
  5 leopard geckos
  54 orcs
  5 giant cockroaches
  9 goblins
  7 hobgoblins
  8 jackals
  16 kobolds
  4 quokkas
  2 ball pythons
  5 bats
  3 frilled lizards
  2 jackal skeletons
  A quokka zombie (D:5)
  5 rats
530 creatures vanquished.

Vanquished Creatures (others)
  A wraith (Abyss:2)
  2 humans (Lair:6)
  An orc (D:12)
  37 fungi
  43 plants
  9 starspawn tentacles (Abyss:2)
93 creatures vanquished.

Grand Total: 623 creatures vanquished

Notes
Turn   | Place    | Note
-------+----------+-------------------------------------------
     0 | D:1      | DogServant the Gargoyle Fighter began the quest for the
                  | Orb.
     0 | D:1      | Reached XP level 1. HP: 14/14 MP: 1/1
    95 | D:1      | Reached XP level 2. HP: 19/19 MP: 2/2
   800 | D:1      | Reached XP level 3. HP: 23/23 MP: 3/3
  1967 | D:3      | Reached XP level 4. HP: 26/28 MP: 4/4
  2013 | D:3      | Noticed a phantom
  2077 | D:3      | Killed a phantom
  2077 | D:3      | Reached skill level 3 in Maces & Flails
  2077 | D:3      | Reached XP level 5. HP: 13/32 MP: 5/5
  2511 | D:4      | Noticed Grinder
  2512 | D:4      | Noticed an ogre
  2910 | D:3      | Found a runed translucent gate.
  2911 | D:3      | Found a runed translucent gate.
  2912 | D:3      | Found a runed translucent gate.
  2983 | D:3      | Noticed fly's ghost (amateur TeAE)
  3054 | D:3      | Found a radiant altar of Vehumet.
  3271 | D:3      | Reached XP level 6. HP: 37/37 MP: 6/6
  3291 | D:3      | Reached skill level 5 in Armour
  3291 | D:3      | Reached skill level 5 in Shields
  3386 | D:3      | Found a glowing golden altar of the Shining One.
  3712 | D:4      | Found a staircase to the Ecumenical Temple.
  3734 | Temple   | Entered the Ecumenical Temple
  3918 | Temple   | Became a worshipper of Warmaster Okawaru
  3949 | D:4      | Reached skill level 4 in Maces & Flails
  4185 | D:5      | Entered Level 5 of the Dungeon
  4202 | D:5      | Noticed Edmund
  4210 | D:5      | Killed Edmund
  4210 | D:5      | Reached * piety under Okawaru
  4210 | D:5      | Reached skill level 5 in Maces & Flails
  4210 | D:5      | Reached XP level 7. HP: 38/44 MP: 7/7
  4250 | D:5      | Found a snail-covered altar of Cheibriados.
  4256 | D:5      | Reached skill level 5 in Fighting
  4710 | D:6      | Found a runed translucent door.
  4900 | D:6      | Learned a level 1 spell: Animate Skeleton
  4907 | D:6      | Noticed Conn's ghost (novice OpWz)
  5004 | D:6      | Reached skill level 6 in Maces & Flails
  5004 | D:6      | Reached XP level 8. HP: 50/51 MP: 8/8
  5008 | D:6      | Found Nuynt's General Store.
  5016 | D:6      | Bought a scroll of teleportation for 30 gold pieces
  5043 | D:6      | Learned a level 3 spell: Frozen Ramparts
  5047 | D:6      | Learned a level 3 spell: Ozocubu's Armour
  5252 | D:6      | Reached skill level 1 in Ice Magic
  5463 | D:7      | Reached ** piety under Okawaru
  5496 | D:7      | Found a transporter.
  5512 | D:7      | Noticed a troll
  5531 | D:7      | Killed a troll
  5724 | D:7      | Identified the +1 buckler of Apathy {Int+5}
  5730 | D:7      | Noticed Grum
  5735 | D:7      | Noticed Migumi's ghost (novice TrFi)
  5870 | D:7      | Reached skill level 7 in Maces & Flails
  5934 | D:7      | Found a transporter.
  5935 | D:7      | Identified the amulet "Kaudapp" {RegenMP *Corrode rC+++
                  | Str+7 Dex-4}
  5997 | D:7      | Reached *** piety under Okawaru
  5997 | D:7      | Reached XP level 9. HP: 54/56 MP: 9/9
  6942 | D:8      | Found an opulent altar of Gozag.
  7161 | D:8      | Found a basalt altar of Yredelemnul.
  7687 | D:9      | Noticed a two-headed ogre
  7706 | D:9      | Killed a two-headed ogre
  7706 | D:9      | Reached **** piety under Okawaru
  7706 | D:9      | Reached skill level 8 in Maces & Flails
  8048 | D:9      | Received a gift from Okawaru
  8052 | D:9      | Reached XP level 10. HP: 64/64 MP: 10/10
  8121 | D:9      | Got a crystal scimitar
  8122 | D:9      | Identified the +8 scimitar of Departure {vorpal, *Noise
                  | rPois rN+++ MR-} (You found it on level 9 of the Dungeon)
  8174 | D:9      | Found a staircase to the Lair.
  8967 | D:10     | Entered Level 10 of the Dungeon
  9169 | D:10     | Reached skill level 1 in Invocations
  9351 | D:10     | Found Petsid's Gadget Emporium.
  9360 | D:10     | Bought a wand of disintegration (19) for 276 gold pieces
  9580 | D:10     | Reached skill level 9 in Maces & Flails
 10004 | D:10     | Noticed a four-headed hydra
 10150 | D:4      | Reached ***** piety under Okawaru
 10342 | D:4      | Killed Grinder
 10556 | D:10     | Received a gift from Okawaru
 10690 | D:11     | Reached XP level 11. HP: 65/71 MP: 13/13
 10784 | D:11     | Noticed a two-headed ogre
 10792 | D:11     | Killed a two-headed ogre
 10843 | D:11     | Found a gate leading to a gauntlet.
 10891 | D:11     | Received a gift from Okawaru
 10914 | D:11     | Noticed a two-headed ogre
 10926 | D:11     | Killed a two-headed ogre
 10932 | D:11     | Reached skill level 5 in Invocations
 11213 | D:11     | Reached skill level 10 in Fighting
 11317 | D:12     | Reached skill level 10 in Maces & Flails
 11406 | Lair:1   | Entered Level 1 of the Lair of Beasts
 11427 | Lair:1   | Received a gift from Okawaru
 11577 | Lair:1   | Reached skill level 10 in Armour
 11997 | Lair:1   | Reached XP level 12. HP: 75/79 MP: 16/16
 12360 | Lair:1   | Noticed a six-headed hydra
 12372 | Lair:1   | Killed a six-headed hydra
 12767 | Lair:2   | Received a gift from Okawaru
 13021 | Lair:2   | Noticed a five-headed hydra
 13034 | Lair:2   | Killed a five-headed hydra
 13034 | Lair:2   | Reached skill level 11 in Maces & Flails
 13500 | Lair:2   | Noticed a six-headed hydra
 13510 | Lair:2   | Killed a six-headed hydra
 13894 | Lair:2   | Found a staircase to the Swamp.
 14544 | Lair:3   | Noticed a five-headed hydra
 14552 | Lair:3   | Killed a five-headed hydra
 14552 | Lair:3   | Reached XP level 13. HP: 81/85 MP: 19/19
 14556 | Lair:3   | Found a hole to the Spider Nest.
 15065 | Lair:3   | You fall into a shaft and drop 1 floor!
 15165 | Lair:4   | Reached ****** piety under Okawaru
 16085 | Lair:5   | Reached skill level 1 in Evocations
 16389 | Lair:5   | Received a gift from Okawaru
 17095 | Lair:6   | Entered Level 6 of the Lair of Beasts
 17321 | Lair:6   | Reached skill level 12 in Maces & Flails
 17739 | Lair:6   | Reached skill level 10 in Shields
 17854 | Lair:6   | Found a staircase to the Slime Pits.
 17902 | Lair:6   | Noticed Kirke
 18396 | Lair:6   | Received a gift from Okawaru
 18396 | Lair:6   | Gained mutation: Your large and strong wings let you fly
                  | indefinitely. [Gargoyle growth]
 18396 | Lair:6   | Reached XP level 14. HP: 92/92 MP: 21/21
 18711 | Lair:6   | Killed Kirke
 20008 | D:12     | Reached skill level 5 in Evocations
 20046 | D:12     | Found a staircase to the Orcish Mines.
 20059 | Orc:1    | Entered Level 1 of the Orcish Mines
 20066 | Orc:1    | Reached skill level 10 in Invocations
 20301 | Orc:1    | Found Wiuffe's Book Shoppe.
 20361 | Orc:1    | Bought a book of Necromancy for 420 gold pieces
 20408 | Orc:1    | Received a gift from Okawaru
 21034 | Orc:2    | Entered Level 2 of the Orcish Mines
 21034 | Orc:2    | Found a staircase to the Elven Halls.
 21275 | Orc:2    | Noticed Urug
 21663 | Orc:2    | Killed Urug
 21746 | Orc:2    | Noticed Nergalle
 21747 | Orc:2    | Cast into level 2 of the Abyss (orc high priest)
 21833 | Abyss:2  | Noticed a cyan very ugly thing
 21833 | Abyss:2  | Noticed a cyan very ugly thing
 21833 | Abyss:2  | Noticed a cyan very ugly thing
 21836 | Abyss:2  | Noticed a cyan very ugly thing
 21892 | Abyss:2  | Noticed a Hell Sentinel
 21916 | Abyss:2  | Noticed a tentacled starspawn
 21928 | Abyss:2  | Killed a tentacled starspawn
 21948 | Abyss:2  | HP: 2/92 [Hell Sentinel/damnation (44)]
 21953 | Abyss:2  | Noticed a purple draconian
 21960 | Abyss:2  | Paralysed by you for 3 turns
 21976 | Abyss:2  | Noticed a tentacled starspawn
 21985 | Abyss:2  | Gained mutation: You are weak. (Str -2) [a neqoxec]
 21986 | Abyss:2  | Killed a tentacled starspawn
 21986 | Abyss:2  | Reached skill level 13 in Maces & Flails
 21986 | Abyss:2  | Reached XP level 15. HP: 37/97 MP: 22/22
 22001 | Abyss:2  | Noticed a tentacled starspawn
 22002 | Abyss:2  | Found a sacrificial altar of Ru.
 22055 | Abyss:2  | HP: 4/217 [green death (14)]
 22056 | Abyss:2  | Killed from afar by a raiju

Illustrated notes

Levels and vault maps discovered:
D:1:      moated_graveyard_arrival, layout_loops_corners
D:2:      layout_loops_ring, chequers_serial_rivers_small_b
D:3:      layout_loops_ring, vehumet_crystals, gammafunk_ghost_icy,
          grunt_decor_mini_mirrors, tso_altar
D:4:      layout_loops_ring, minmay_temple_entry_offerings, uniq_grinder
D:5:      layout_rooms, cheibriados_altar_1, uniq_edmund
D:6:      layout_loops_cross, ebering_ghost_sewer_d, serial_shops, shop,
          grunt_decor_resistance, minmay_liquid_box
D:7:      layout_rooms, gammafunk_ghost_gnarly_gnolls,
          chequers_serial_rivers_small_a, nicolae_underground_beach
D:8:      layout_layer_cave, lemuel_round_altar, nicolae_gozag_seed_capital
D:9:      layout_stronghold, lair_entry_dummy, minivault_4
D:10:     layout_roguey, serial_shops, shop, grunt_tough_drop
D:11:     layout_small_grid, gauntlet_entry_generic
D:12:     layout_rooms, erik_orc_3, serial_shops, nicolae_shop_trees
Temple:   eino_narrow_crystal_temple
Lair:1:   layout_regular_city, infiniplex_staircase_pool_2, grunt_megastairs_5
Lair:2:   layout_concentric_octagons, palyth_hydra_swamp_entry,
          lemuel_fruit_tree
Lair:3:   layout_layer_cave, spider_nest_entry_web_field
Lair:4:   layout_hall_layers, serial_bayou_shore_b
Lair:5:   layout_long_grid, nicolae_lair_grove_arrangements,
          serial_bayou_shore_a
Lair:6:   hangedman_lair_in_review, layout_layer_cave, slime_dummy,
          chequers_serial_rivers_marsh, uniq_kirke
Orc:1:    layout_caves, serial_shops, nicolae_shop_waterfront
Orc:2:    grunt_orc_cross, layout_caves, basic_altar
Abyss:2:  base:
Lair:4

Skill      XL: |  1  2  3  4  5  6  7  8  9 10 11 12 13 14 |
---------------+-------------------------------------------+-----
Armour         | 4 5 7 8 10 11 12 | 12.8
Shields        | 4 5 6 7 8 9 10 11 | 11.3
Maces & Flails | 3 5 6 7 8 9 10 11 12 13 | 13.0
Fighting       | 4 6 7 9 10 11 12 | 12.9
Ice Magic      | 2 4 |  4.0
Invocations    | 3 6 8 9 10 | 10.5
Evocations     | 3 5 |  5.8

Action                   |  1- 3 |  4- 6 |  7- 9 | 10-12 | 13-15 || total
-------------------------+-------+-------+-------+-------+-------++-------
Melee: Flail             |   125 |   141 |   243 |   656 |   677 ||  1842
       Morningstar       |       |       |       |       |   310 ||   310
Throw: Dart              |       |       |     4 |    24 |     6 ||    34
Invok: Heroism           |       |       |       |     8 |    10 ||    18
       Finesse           |       |       |       |     1 |     4 ||     5
 Abil: Fly               |       |       |       |       |     1 ||     1
Evoke: Wand              |       |       |       |     5 |       ||     5
       Phial of floods   |       |       |       |       |     1 ||     1
  Use: Scroll            |       |     9 |     9 |       |    16 ||    34
       Potion            |       |     4 |       |     2 |    11 ||    17
Armor: Scale mail        |    63 |    82 |    76 |   222 |       ||   443
       Plate armour      |       |       |       |    93 |   416 ||   509
       Pearl dragon scal |       |       |       |       |   187 ||   187
       Skin              |       |       |       |       |    26 ||    26
Dodge: Dodged            |    24 |    52 |    49 |   151 |   315 ||   591
Block: Kite shield       |    59 |   100 |   183 |   554 |   722 ||  1618
       Reflection        |       |     3 |     4 |    12 |     3 ||    22

Table legend: (Time is in decaauts)
 A = Elapsed time spent in this place.
 B = Non-inter-level travel time spent in this place.
 C = Inter-level travel time spent in this place.
 D = Time resting spent in this place.
 E = Time spent auto-exploring this place.
 F = Levels seen in this place.
 G = Mean time per level.
                   A        B        C        D        E       F      G
               +--------+--------+--------+--------+--------+-----+--------+
         Total |  21909 |  20574 |   1335 |   4576 |  11651 |  22 |  995.9 |
       Dungeon |  11634 |  10704 |    930 |   1797 |   6722 |  12 |  969.5 |
        Temple |    199 |    175 |     24 |      0 |    174 |   1 |  199.0 |
          Lair |   8168 |   7821 |    347 |   2316 |   4048 |   6 | 1361.3 |
  Orcish Mines |   1635 |   1601 |     34 |    463 |    706 |   2 |  817.5 |
         Abyss |    270 |    270 |      0 |      0 |      0 |   1 |  270.0 |
               +--------+--------+--------+--------+--------+-----+--------+

Top non-repeatable levels by time:
  Lair:6: 2290 daAuts
     D:3: 1719 daAuts
  Lair:5: 1584 daAuts
     D:9: 1578 daAuts
  Lair:3: 1399 daAuts
  Lair:2: 1291 daAuts
   Orc:1: 1269 daAuts
  Lair:1: 1251 daAuts
    D:10: 1203 daAuts
     D:1: 1166 daAuts
     D:8: 1080 daAuts
     D:7: 1058 daAuts
     D:6: 881 daAuts
     D:2: 829 daAuts
    D:11: 772 daAuts
